 Dungeon Crawl Stone Soup version 0.31.0-4-g52a2dc7128 (webtiles) character file.

Game seed: 14643611996174631715

54 Colgate the Firebug (level 3, -2/26 HPs)
             Began as an Armataur Fire Elementalist on Jan 22, 2024.
             Slain by Grinder (8 damage)
             ... on level 3 of the Dungeon.
             The game lasted 00:10:28 (1990 turns).

Colgate the Firebug (Armataur Fire Elementalist)    Turns: 1990, Time: 00:10:28

Health: -2/26      AC:  7    Str: 13    XL:     3   Next: 66%
Magic:  5/6        EV:  9    Int: 17    God:
Gold:   174        SH:  0    Dex: 10    Spells: 3/6 levels left

rFire   . . .        a - +0 dagger (venom)
rCold   . . .        (no shield)
rNeg    . . .        g - +0 robe
rPois   .            t - +2 helmet
rElec   .            (no cloak)
rCorr   .            (no gloves)
SInv    .            (no barding)
Will    .....        x - amulet of magic regeneration
Stlth   ++           (no ring)
HPRegen 0.24/turn    (no ring)
MPRegen 1.49/turn

%: roll
@: no status effects
A: large, deformed body, tough skin 3, armoured tail, roll 1
a: no special abilities


You were on level 3 of the Dungeon.
You visited 1 branch of the dungeon, and saw 3 of its levels.

You collected 174 gold pieces.

Inventory:

Hand Weapons
 a - a +0 dagger of venom (weapon)
 b - a +0 rapier
 q - a +2 dagger of freezing
 s - a +1 short sword of speed
 u - a +0 long sword
Missiles
 e - 5 boomerangs
 n - 4 poisoned darts
Armour
 d - a +0 ring mail
 g - a +0 robe (worn)
 h - a +0 leather armour
 m - a +0 plate armour
 t - a +2 helmet (worn)
Magical Staves
 v - a staff of alchemy
Jewellery
 x - an amulet of magic regeneration (around neck)
Wands
 r - a wand of roots (7) {@v2}
Scrolls
 f - a scroll of fear {unknown}
 k - a scroll of brand weapon {unknown}
 l - a scroll of noise {unknown}
 w - a scroll of teleportation {unknown}
 y - a scroll of enchant weapon {unknown}
Potions
 c - a potion of curing {@q1}
 i - a potion of magic
 j - a potion of mutation {unknown}
 o - 2 potions of might {unknown}
 p - 2 potions of lignification


   Skills:
 - Level 1.3 Dodging
 - Level 2.1 Stealth
 - Level 2.0 Spellcasting
 - Level 1.0 Conjurations
 + Level 4.1 Fire Magic


You had 3 spell levels left.
You knew the following spells:

 Your Spells              Type           Power      Damage    Failure   Level
a - Foxfire               Conj/Fire      40%        2x1d6     7%          1
b - Scorch                Fire           30%        2d6       5%          2

Your spell library contained the following spells:

 Spells                   Type           Power      Damage    Failure   Level
 Inner Flame              Hex/Fire       8%         N/A       26%         3
 Volatile Blastmotes      Fire/Tloc      16%        2d11      26%         3
 Flame Wave               Conj/Fire      10%        2d6       56%         4
 Alistair's Intoxication  Alch           0%         N/A       99%         5
 Borgnjor's Vile Clutch   Necr/Erth      0%         N/A       99%         5
 Eringya's Noxious Bog    Alch           0%         4d6       100%        6


Dungeon Overview and Level Annotations

Branches:
Dungeon (3/15)

Altars:

Shops:
D:3 (

Annotations:
D:3 Grinder


Innate Abilities, Weirdness & Mutations

Armour fits poorly on your strangely shaped body.
You have extremely tough skin. (AC +3)
You have a long armoured tail.
You regenerate magic when rolling toward enemies. (Rampage MPRegen)


Message History

You pick up Great Wizards, Vol.
II and begin reading...
You add the spells Alistair's Intoxication, Borgnjor's Vile Clutch and Eringya's Noxious Bog to your library.
Found 14 gold pieces.
There is an entrance to Ocalun's Antique Weapon Emporium here.
No target in view!
You now have 163 gold pieces (gained 14).
A rat comes into view.
The rat squeaks loudly.
Flames lash the rat.
You kill the rat!
No target in view!
You now have 174 gold pieces (gained 11).
Grinder comes into view.
Grinder blinks!
Grinder moves out of view.
Okay, then.
Okay, then.
Found a stone staircase leading down.
You roll towards Grinder!
You roll towards Grinder!
You hit Grinder. Grinder gestures at you.
You suddenly lose the ability to move!
Grinder hits you. x2
Grinder blinks!
You can move again.
You roll towards Grinder!
You closely miss Grinder. Grinder hits you.
You writhe in agony.
Casting: Scorch (safe; 5% risk of failure) Flames lash Grinder.
Grinder's fire resistance burns away.
Grinder barely misses you.
Casting: Scorch (safe; 5% risk of failure) Flames lash Grinder.
Grinder is burned terribly!
Grinder hits you.
You writhe in agony.
* * * LOW HITPOINT WARNING * * *
Casting: Scorch (safe; 5% risk of failure) Flames lash Grinder.
Grinder is burned terribly!
Grinder hits you but does no damage.
Casting: Scorch (safe; 5% risk of failure) Flames lash Grinder.
Grinder is burned terribly!
Grinder hits you!
You die...
Grinder says, "Hey, I wasn't done torturing you yet!"

### .... #####.... ###..
# ####.......> ....# ...
....#....... ###..
###..####..........
........@5.....#..# ###
#########.##....... ..#
##..........# #.#
########.....#...#.# #.#
.................#.###.#
.#######..........∩....#
##........#.##..#
#....#.#)#.##..#
#####..###.....##..#


You could see Grinder (combustible).

Vanquished Creatures
  A dart slug (D:3)
  2 ribbon worms (D:2)
  An orc (D:3)
  5 bats
  7 endoplasms
  2 giant cockroaches
  2 hobgoblins
  5 kobolds
  A quokka (D:1)
  3 ball pythons (D:2)
  3 frilled lizards
  7 goblins
  3 rats
42 creatures vanquished.

Vanquished Creatures (collateral kills)
  A foxfire (D:2)
1 creature vanquished.

Vanquished Creatures (others)
  81 foxfires
81 creatures vanquished.

Grand Total: 124 creatures vanquished

Notes
Turn   | Place    | Note
-------+----------+-------------------------------------------
     0 | D:1      | Colgate the Armataur Fire Elementalist began the quest for
                  | the Orb.
     0 | D:1      | Reached XP level 1. HP: 14/14 MP: 3/3
   119 | D:1      | Reached skill level 3 in Fire Magic
   136 | D:1      | Reached skill level 1 in Conjurations
   400 | D:1      | Reached XP level 2. HP: 20/20 MP: 3/5
   971 | D:2      | Learned a level 2 spell: Scorch
  1171 | D:2      | Reached XP level 3. HP: 26/26 MP: 2/6
  1666 | D:3      | Reached skill level 4 in Fire Magic
  1936 | D:3      | Found Ocalun's Antique Weapon Emporium.
  1976 | D:3      | Noticed Grinder
  1981 | D:3      | Paralysed by Grinder for 5 turns
  1990 | D:3      | Slain by Grinder

Illustrated notes

Levels and vault maps discovered:
D:1:      amcnicky_arrival_wind_blow, layout_loops_cross, minmay_ruptured
D:2:      layout_basic
D:3:      minmay_chambers_of_twos, layout_loops_ring, serial_shops, shop, shop,
          uniq_crazy_yiuf_cottage, uniq_grinder

Skill      XL: |  1  2  3 |
---------------+----------+-----
Fire Magic     | 3 4 |  4.1
Conjurations   | 1 |  1.0
Spellcasting   | 2 |  2.0
Dodging        | |  1.3
Stealth        | |  2.1

Action                     || total
---------------------------++-------
  Melee: Unarmed           ||     8
         Dagger            ||    10
   Cast: Foxfire           ||    50
         Scorch            ||    26
    Use: Scroll            ||     2
   Stab: Sleeping          ||     2
 Armour: Robe              ||    37
  Dodge: Dodged            ||    22
